 Dungeon Crawl Stone Soup version 0.25.0-46-gbd7b0854d2 (webtiles) character file.

Game seed: 13676444742014907286

4503 0000000001 the Cruncher (level 10, -2/129 HPs)
             Began as a Centaur Gladiator on July 17, 2020.
             Was an Elder of Zin.
             Shot with an arrow by Nessos (6 damage)
             ... on level 12 of the Dungeon.
             The game lasted 00:15:23 (10718 turns).

0000000001 the Cruncher (Centaur Gladiator)        Turns: 10718, Time: 00:15:24

Health: -2/129     AC: 25    Str: 18    XL:     10   Next: 16%
Magic:  14/14      EV:  1    Int:  7    God:    Zin [****..]
Gold:   325        SH:  0    Dex: 13    Spells: 9/9 levels left

rFire    . . .     SeeInvis .   a - +0 quarterstaff
rCold    . . .     Gourm    .   (shield currently unavailable)
rNeg     + + +     Faith    .   (armour currently unavailable)
rPois    +         Spirit   .   (helmet currently unavailable)
rElec    .         Reflect  .   (cloak currently unavailable)
rCorr    .         Harm     .   (gloves currently unavailable)
MR       .....     NoTele   +   (no barding)
Stlth    ++........             (no amulet)
HPRegen  0.31/turn              F - ring of stealth
MPRegen  0.14/turn              (no ring)

@: brilliant, tree-form, lightly drained
A: large
a: Recite, Vitalisation, Imprison, Donate Gold, Renounce Religion


You were on level 12 of the Dungeon.
You worshipped Zin.
Zin was greatly pleased with you.
You were near starving.
You were a tree.
You visited 1 branch of the dungeon, and saw 12 of its levels.

You collected 489 gold pieces.
You spent 23 gold pieces at shops.
You donated 141 gold pieces to Zin.

Inventory:

Hand Weapons
 a - a +0 quarterstaff (weapon)
 x - a +0 shortbow
Missiles
 d - a throwing net (quivered) {!f}
 h - 127 arrows
 y - a poisoned dart
Armour
 b - a +0 leather armour
 c - a +0 helmet (melded)
 e - a cursed +0 pair of gloves (melded)
 k - a +0 scale mail
 w - a +0 chain mail (melded)
 D - a +0 buckler
 K - a scarf of harm (melded)
Jewellery
 F - a ring of stealth (left branch)
Wands
 t - a wand of acid (1)
Scrolls
 g - 3 scrolls of remove curse {unknown}
 l - 8 scrolls of teleportation {@r3}
 m - 11 scrolls of identify {@r1}
 n - 3 scrolls of magic mapping {unknown}
 q - 4 scrolls of enchant weapon {unknown}
 u - a scroll of fog {unknown}
 v - a scroll of noise {unknown}
 C - a scroll of amnesia {unknown}
 G - a scroll of random uselessness {unknown}
 H - a scroll of enchant armour {unknown}
 I - a scroll of blinking {unknown}
Potions
 r - a potion of mutation {unknown}
 s - a potion of invisibility {unknown}
 z - a potion of degeneration {unknown}
 A - 3 potions of brilliance
 E - 2 potions of flight {unknown}
Comestibles
 f - 9 rations


   Skills:
 + Level 7.2(6.7) Fighting
 + Level 8.1(7.6) Staves
 - Level 2.1(1.8) Throwing
 * Level 5.3(4.9) Armour
 - Level 4.1(3.7) Dodging
 + Level 6.0(5.5) Invocations


You had 9 spell levels left.
You didn't know any spells.
Your spell library contained the following spells:

 Spells                   Type           Power        Failure   Level  Hunger
 Animate Skeleton         Necr           N/A          43%         1    None
 Apportation              Tloc           #.....       43%         1    None
 Corona                   Hex            #......      43%         1    None
 Summon Small Mammal      Summ           #...         43%         1    None
 Haunt                    Necr/Summ      #.........   100%        7    None
 Borgnjor's Revivificati  Necr           #.........   100%        8    None
 Death's Door             Chrm/Necr      #.........   100%        8    None
 Infestation              Necr           #.........   100%        8    None
 Necromutation            Tmut/Necr      #.........   100%        8    None


Dungeon Overview and Level Annotations

Branches:
Dungeon (12/15)            Temple (0/1) D:6
   Lair: D:8-11         Orc: D:9-12

Altars:
Ashenzari
Cheibriados
Dithmenos
Elyvilon
Gozag
Kikubaaqudgha
Sif Muna
Wu Jian
Xom
Zin

Shops:
D:4 *   D:5 =   D:6 *

Annotations:
D:6 Sigmund
D:8 Erica
D:11 Urug
D:12 Nessos


Innate Abilities, Weirdness & Mutations

((You have hooves in place of feet.))
((Armour fits poorly on your strangely shaped body.))
((You cover ground very quickly.))
((You have extremely tough skin. (AC +3)))


Message History

The bolt of acid hits the centaur!
The centaur is splashed with acid.
The centaur hits the orc!
The orc is killed!
The centaur is lost in a daze.
Unknown command.
It was a potion of lignification.
You turn into a tree.
Your scarf of harm melds into your body.
Your +0 helmet melds into your body.
Your cursed +0 pair of gloves melds into your body.
Your +0 chain mail melds into your body.
Your roots penetrate the ground.
Zin forgives your inadvertent chaotic act, just this once.
Unknown command.
You hit Nessos.
Nessos blinks!
The centaur shoots an arrow.
The arrow hits you.
* * * LOW HITPOINT WARNING * * *
Nessos wields a +1 longbow of flaming.
It bursts into flame!
Nessos shoots an arrow.
The arrow hits you!
* * * LOW HITPOINT WARNING * * *
The arrow burns you.
You die...

# #######.#
...####cc§♣..c#
.....)cr#######
.#........########.#
########.or.o.....#
######.##..# # #.
### #.#####.. #.
........ ##.# #.....


You could see Nessos (fast), 3 centaurs and a quokka.

Vanquished Creatures
  Joseph (D:9)
  A troll (D:12)
  2 hippogriffs (D:12)
  3 wargs
  2 water moccasins
  A black bear (D:6)
  3 orc warriors
  A sky beast (D:8)
  2 phantoms
  4 ogres
  6 centaurs
  5 bullfrogs
  A water moccasin zombie (D:6)
  A scorpion (D:7)
  A wight (D:12)
  4 crimson imps
  A jelly (D:5)
  A quasit (D:12)
  A centaur skeleton (D:7)
  4 hounds
  8 orc wizards
  4 orc priests
  4 bullfrog skeletons
  An iguana (D:5)
  Ijyb (D:3)
  5 worker ants
  7 adders
  2 shadow imps
  An adder zombie (D:5)
  An adder skeleton (D:7)
  2 worms (D:2)
  2 leopard geckos
  29 orcs
  9 giant cockroaches
  5 goblins
  7 hobgoblins
  5 jackals
  6 quokkas
  2 ball pythons
  8 bats
  4 frilled lizards
  A giant cockroach zombie (D:3)
  6 kobolds
  A quokka zombie (D:6)
  8 rats
174 creatures vanquished.

Vanquished Creatures (others)
  A quokka (D:6)
1 creature vanquished.

Grand Total: 175 creatures vanquished

Notes
Turn   | Place    | Note
-------+----------+-------------------------------------------
     0 | D:1      | 0000000001 the Centaur Gladiator began the quest for the
                  | Orb.
     0 | D:1      | Reached XP level 1. HP: 17/17 MP: 1/1
   242 | D:1      | Reached XP level 2. HP: 14/24 MP: 2/2
   442 | D:1      | Reached skill level 3 in Staves
  1065 | D:2      | Reached XP level 3. HP: 30/30 MP: 3/3
  1122 | D:2      | Found a glowing silver altar of Zin.
  1125 | D:2      | Became a worshipper of Zin the Law-Giver
  1126 | D:2      | Donated 30 gold pieces to Zin
  1175 | D:2      | Reached * piety under Zin
  1271 | D:2      | Donated 24 gold pieces to Zin
  1452 | D:2      | Reached XP level 4. HP: 37/37 MP: 4/4
  1677 | D:3      | Found an ancient bone altar of Kikubaaqudgha.
  1884 | D:3      | Found a shattered altar of Ashenzari.
  1978 | D:3      | Found an ornate altar of the Wu Jian Council.
  2094 | D:3      | Noticed Ijyb
  2102 | D:3      | Killed Ijyb
  2385 | D:3      | Donated 39 gold pieces to Zin
  2411 | D:4      | Found Fen Zimm's Assorted Antiques.
  2416 | D:4      | Bought a scroll labeled ACZAEZ RUDOUGA for 23 gold pieces
  2486 | D:4      | Reached skill level 4 in Staves
  2486 | D:4      | Reached XP level 5. HP: 45/45 MP: 5/5
  2488 | D:4      | Reached ** piety under Zin
  2824 | D:4      | Noticed an ogre
  2837 | D:4      | Killed an ogre
  3230 | D:4      | Found a snail-covered altar of Cheibriados.
  3544 | D:2      | Reached XP level 6. HP: 51/51 MP: 6/6
  3775 | D:5      | Entered Level 5 of the Dungeon
  3775 | D:5      | Found a shimmering altar of Xom.
  4262 | D:5      | Found Deosuupu's Jewellery Shop.
  4299 | D:6      | Reached *** piety under Zin
  4372 | D:6      | Noticed Sigmund
  4501 | D:5      | Reached skill level 5 in Staves
  4521 | D:5      | Reached XP level 7. HP: 4/59 MP: 7/7
  4943 | D:5      | Reached **** piety under Zin
  5121 | D:5      | Found a shimmering blue altar of Sif Muna.
  5795 | D:6      | Found an opulent altar of Gozag.
  5804 | D:6      | Found Gozag's Platinum Reserve.
  5935 | D:7      | Reached skill level 1 in Invocations
  5948 | D:6      | Reached skill level 6 in Staves
  5996 | D:6      | Found a staircase to the Ecumenical Temple.
  6017 | D:6      | Found a white marble altar of Elyvilon.
  6453 | D:7      | Reached XP level 8. HP: 67/67 MP: 9/9
  6485 | D:7      | Reached skill level 5 in Fighting
  6772 | D:7      | Reached skill level 1 in Armour
  6902 | D:7      | Found a shimmering altar of Xom.
  7674 | D:8      | Reached skill level 7 in Staves
  7726 | D:8      | Found a shadowy altar of Dithmenos.
  7741 | D:8      | Noticed Erica
  7912 | D:9      | Noticed Joseph
  7921 | D:9      | Killed Joseph
  7921 | D:9      | Reached XP level 9. HP: 32/75 MP: 10/12
  9166 | D:7      | Reached skill level 5 in Invocations
  9950 | D:10     | Entered Level 10 of the Dungeon
 10237 | D:11     | Noticed Urug
 10284 | D:12     | Reached skill level 5 in Armour
 10448 | D:12     | Noticed a troll
 10458 | D:12     | Killed a troll
 10458 | D:12     | Reached skill level 8 in Staves
 10458 | D:12     | Reached XP level 10. HP: 60/86 MP: 14/14
 10668 | D:12     | Noticed a two-headed ogre
 10709 | D:12     | Noticed Nessos
 10718 | D:12     | HP: 4/129 [Nessos/arrow (11)]
 10718 | D:12     | Shot with an arrow by Nessos

Illustrated notes

Levels and vault maps discovered:
D:1:      denvon_arrival_planthouse, layout_basic
D:2:      layout_loops_ring, zin_statuary
D:3:      layout_basic, old_standard_altar, overflow_temple_1_default,
          first_ration, nicolae_ashenzari_panopticon, uniq_ijyb
D:4:      layout_rooms, nicolae_overflow_crystal_walls, serial_shops, shop
D:5:      layout_layer_cave, xom_teletrap_fun, kennysheep_mini, serial_shops,
          shop
D:6:      layout_loops_cross, elyvilon_altar_4, nicolae_gozag_zags_fifth_avenue,
          temple_fountains, uniq_sigmund
D:7:      layout_layer_cave, basic_altar, minmay_misc_feat_diagonals,
          lemuel_old_faithful
D:8:      lemuel_castle_with_subvaults [lemuel_castle_interior_carwin_2],
          layout_basic, lemuel_round_altar, erik_lair_island, uniq_harold,
          uniq_erica, uniq_psyche
D:9:      layout_roguey, uniq_joseph
D:10:     layout_roguey, orc_david_3
D:11:     layout_basic, uniq_urug
D:12:     layout_rooms, drop_trap, uniq_nessos

Skill      XL: |  1  2  3  4  5  6  7  8  9 10 |
---------------+-------------------------------+-----
Staves         | 3 4 5 6 7 8 |  8.1
Fighting       | 3 4 6 7 |  7.2
Dodging        | 3 4 |  4.1
Invocations    | 2 4 5 6 |  6.0
Armour         | 3 5 |  5.3
Throwing       | |  2.1

Action                   |  1- 3 |  4- 6 |  7- 9 | 10-12 || total
-------------------------+-------+-------+-------+-------++-------
Melee: Quarterstaff      |    76 |   143 |   345 |    44 ||   608
       Kick              |    14 |    25 |    94 |    15 ||   148
 Fire: Shortbow          |       |       |     3 |     1 ||     4
Throw: Throwing net      |     1 |     1 |     3 |       ||     5
       Dart              |       |     2 |     9 |       ||    11
       Boomerang         |       |     2 |     1 |       ||     3
Invok: Donate Gold       |     2 |     1 |       |       ||     3
       Recite            |       |       |       |     1 ||     1
Evoke: Wand              |       |     1 |     6 |     2 ||     9
  Use: Potion            |       |     1 |     1 |     5 ||     7
       Scroll            |       |       |     2 |     1 ||     3
  Eat: Chunk             |     1 |     7 |    10 |       ||    18
       Ration            |       |       |     2 |       ||     2
Armor: Leather armour    |    21 |       |       |       ||    21
       Scale mail        |    13 |    30 |       |       ||    43
       Chain mail        |       |    64 |   157 |    79 ||   300
Dodge: Dodged            |    37 |    57 |   111 |    29 ||   234
